 Dungeon Crawl Stone Soup version 0.18.1-50-g88ac8fd (webtiles) character file.

18 Golzeb the Skirmisher (level 2, 27/27 HPs)
             Began as a Minotaur Berserker on Oct 7, 2016.
             Was a Believer of Trog.
             Quit the game on level 1 of the Dungeon.
             The game lasted 00:02:34 (601 turns).

Golzeb the Skirmisher (Minotaur Berserker)           Turns: 601, Time: 00:02:34

Health: 27/27      AC:  4    Str: 21    XL:     2   Next: 51%
Magic:  1/1        EV: 10    Int:  4    God:    Trog [**....]
Gold:   29         SH:  2    Dex:  9    Spells: 0 memorised, 1 level left

rFire  . . .     SeeInvis .     a - +0 short sword
rCold  . . .     Gourm    .     g - -1 ring mail (curse)
rNeg   . . .     Faith    .     e - +0 buckler
rPois  .         Spirit   .     (helmet restricted)
rElec  .         Dismiss  .     (no cloak)
rCorr  .         Reflect  .     (no gloves)
SustAt .         Harm     .     (no boots)
MR     .....                    (no amulet)
Stlth  ..........               (no ring)
                                (no ring)

@: not resistant to hostile enchantments, extremely unstealthy
A: retaliatory headbutt, horns 2
a: Berserk, Trog's Hand, Burn Spellbooks, Renounce Religion


You were on level 1 of the Dungeon.
You worshipped Trog.
Trog was pleased with you.
You were not hungry.

You visited 1 branch of the dungeon, and saw 1 of its levels.

You collected 29 gold pieces.

Inventory:

Hand Weapons
 a - a +0 short sword (weapon)
Armour
 b - a +0 animal skin
 e - a +0 buckler (worn)
 g - a cursed -1 ring mail (worn)
Scrolls
 i - 2 scrolls of teleportation
Potions
 h - a potion of flight {unknown}
Comestibles
 c - a bread ration


   Skills:
 + Level 4.2 Fighting
 + Level 3.5 Short Blades
 + Level 2.6 Armour
 + Level 2.4 Dodging


You had one spell level left.
You didn't know any spells.

Dungeon Overview and Level Annotations

Branches:
Dungeon (1/15)

Altars:


Innate Abilities, Weirdness & Mutations

You reflexively headbutt those who attack you in melee.
You have a pair of horns on your head.


Message History

You kill the bat!
Trog accepts your kill.
You can now call upon Trog for regeneration and protection from hostile enchantments.
Found a stone staircase leading down.
Done exploring.
Done exploring.
Done exploring.
Done exploring.
Done exploring.
You open the door.
There is an open door here.
As you read the scroll labeled FOIBRY JEXEEV, it crumbles to dust.
You assume a fearsome visage.
Nothing appears to happen.
It was a scroll of fear.
As you read the scroll labeled LUURCH CIRPH, it crumbles to dust.
You feel strangely unstable.
It was a scroll of teleportation.
Your surroundings suddenly seem different.
You see here a scale mail.
Unknown command.
Are you sure you want to abandon this character and quit the game? (Confirm with "yes".)

############## # #............# #
##########.##########.#
######..........@........#†#
#....#...................#.#
#....#...................#.#
#....#............(......#.#
#....#.........#.........#.#
+....'....(........>######'##
#....###.###.#..##..........#
...........#.#..##..........#
.....###...#.#..##..........#####


There were no monsters in sight!

Vanquished Creatures
  A dart slug (D:1)
  A giant gecko (D:1)
  6 bats (D:1)
  A goblin (D:1)
  2 hobgoblins (D:1)
  A kobold (D:1)
  A giant newt (D:1)
  3 rats (D:1)
16 creatures vanquished.

Notes
Turn   | Place    | Note
--------------------------------------------------------------
     0 | D:1      | Golzeb the Minotaur Berserker began the quest for the Orb.
     0 | D:1      | Reached XP level 1. HP: 19/19 MP: 0/0
     0 | D:1      | Noticed an orb of fire
     1 | D:1      | Noticed a tentacled monstrosity
     3 | D:1      | Noticed an ice dragon
     3 | D:1      | Noticed an orb of fire
     7 | D:1      | Noticed a red draconian
     8 | D:1      | Noticed an iron dragon
    10 | D:1      | Noticed a tentacled monstrosity
    16 | D:1      | Noticed a tentacled monstrosity
    16 | D:1      | Noticed an iron dragon
    18 | D:1      | Noticed a black draconian
    18 | D:1      | Noticed an ice dragon
    19 | D:1      | Noticed a tentacled monstrosity
    21 | D:1      | Noticed an orb of fire
    23 | D:1      | Noticed a shadow dragon
    23 | D:1      | Noticed an orb of fire
    25 | D:1      | Noticed a white draconian
    25 | D:1      | Noticed an iron dragon
   207 | D:1      | Reached XP level 2. HP: 9/27 MP: 1/1
   246 | D:1      | Reached skill level 4 in Fighting
   525 | D:1      | Reached ** piety under Trog
   601 | D:1      | Quit the game

Skill      XL: |  1  2 |
---------------+-------+-----
Fighting       | 4 |  4.2
Short Blades   | |  3.5
Armour         | |  2.6
Dodging        | |  2.4

Action                   || total
-------------------------++-------
Melee: Short sword       ||    21
       Headbutt          ||     3
  Use: Scroll            ||     2
Armor: Animal skin       ||    10
       Ring mail         ||     1
Dodge: Dodged            ||    22
Block: Buckler           ||     1
